Map: Ruins of Seras

Players

Tiger

  • Race: Zerg Zerg
  • League: Master

MCanning - Winner!

  • Race: Protoss Protoss
  • League: Grandmaster

VOD

http://www.twitch.tv/mcanning/v/33124982

Description

Time

  • Played on: Jan. 2, 2016, 2:13 a.m.
  • Length: 8:59
Show
View Real Time Build Order
Export as new Build Order

Tiger Zerg 

Build Orders: Hatch First 

Get SALT Encoding   

  12  0:01  Drone  
  13  0:12  Overlord  
  13  0:19  Drone  
  14  0:30  Drone x2  
  14  0:34  Drone  
  17  0:54  Hatchery  
  16  0:57  Drone  
  16  1:01  Drone  
  18  1:11  Extractor  
  17  1:16  Spawning Pool  
  16  1:19  Drone  
  16  1:23  Drone  
  18  1:29  Drone  
  19  1:42  Drone  
  20  1:51  Overlord  
  20  2:03  Drone  
  20  2:05  Extractor, Queen  
  20  2:06  Queen  
  25  2:11  Metabolic Boost  
  25  2:14  Zergling x2  
  26  2:17  Drone  
  26  2:20  Drone  
  28  2:24  Drone  
  28  2:28  Drone  
  30  2:32  Drone  
  31  2:47  Drone  
  31  2:48  Hatchery  
  31  2:53  Overlord  
  31  2:54  Drone  
  31  2:58  Drone  
  33  3:03  Drone  
  34  3:07  Drone  
  34  3:11  Drone  
  36  3:14  Overlord  
  36  3:15  Drone x2  
  36  3:18  Drone x2  
  40  3:20  Drone  
  40  3:26  Roach Warren, Drone  
  41  3:34  Overlord, Drone x2  
  41  3:38  Extractor  
  41  3:40  Drone  
  43  3:42  Evolution Chamber  
  43  3:45  Zergling x4  
  42  3:53  Drone x2  
  40  4:06  Drone  
  40  4:11  Drone  
  40  4:14  Drone x5  
  40  4:15  Drone  
  47  4:18  Zerg Missile Weapons Level 1  
  47  4:21  Drone  
  47  4:23  Queen  
  50  4:24  Drone  
  50  4:30  Overlord  
  51  4:31  Drone x2  
  51  4:37  Overlord  
  53  4:38  Drone  
  53  4:42  Drone x2  
  53  4:43  Drone  
  57  4:47  Lair  
  57  4:55  Drone, Overlord  
  57  4:56  Drone  
  59  5:01  Extractor  
  59  5:04  Drone  
  59  5:05  Drone x4  
  59  5:06  Extractor  
  62  5:11  Drone  
  62  5:12  Drone x6  
  69  5:17  Extractor  
  67  5:24  Overlord  
  67  5:25  Roach x2  
  71  5:29  Roach  
  71  5:34  Roach x4  
  71  5:35  Overlord x2  
  81  5:42  Overlord  
  81  5:44  Glial Reconstitution  
  81  5:46  Overlord  
  81  5:55  Roach x6  
  93  5:59  Roach  
  93  6:03  Roach  
  97  6:06  Roach x4  
  97  6:09  Roach x3  
  111  6:12  Overlord x2  
  111  6:16  Zerg Missile Weapons Level 2  
  111  6:19  Roach  
  113  6:26  Overlord  
  113  6:32  Roach x5  
  125  6:33  Roach  
  125  6:39  Overlord x2  
  125  6:40  Roach  
  125  6:41  Roach  
  125  6:46  Roach x2  
  125  6:47  Roach x2  
  137  6:50  Overlord  
  136  6:59  Hydralisk Den, Roach  
  137  7:01  Drone  
  137  7:02  Drone, Extractor  
  137  7:05  Hatchery  
  137  7:15  Roach x4  
  137  7:27  Roach x2  
  137  7:28  Roach x4  
  117  7:41  Roach x7  
  127  7:46  Muscular Augments  
  127  7:47  Drone x2  
  129  7:51  Roach  
  129  8:01  Hydralisk x5  
  129  8:09  Hydralisk  
  125  8:16  Hydralisk x5  
  125  8:19  Hydralisk x2  
  135  8:23  Zergling x8  
  135  8:26  Hydralisk  
  145  8:28  Zergling x2  
  145  8:30  Zergling x2  
  145  8:34  Hydralisk  
  145  8:36  Overseer  
  145  8:37  Spore Crawler  
  145  8:38  Overseer  
  135  8:42  Spore Crawler  
  135  8:43  Spine Crawler  
Show
View Real Time Build Order
Export as new Build Order

MCanning Protoss - Winner!

Build Orders: Nexus First 

Get SALT Encoding   

  12  0:01  Probe (Chrono Boost)  
  13  0:13  Probe (Chrono Boost)  
  14  0:20  Pylon  
  14  0:23  Probe (Chrono Boost)  
  15  0:38  Probe (Chrono Boost)  
  16  0:49  Probe (Chrono Boost)  
  17  0:59  Nexus  
  17  1:12  Gateway  
  17  1:13  Probe (Chrono Boost)  
  18  1:23  Probe (Chrono Boost)  
  18  1:24  Assimilator  
  19  1:30  Assimilator  
  19  1:34  Probe (Chrono Boost)  
  20  1:44  Probe (Chrono Boost)  
  20  1:45  Gateway  
  21  1:55  Probe (Chrono Boost)  
  21  2:00  Cybernetics Core  
  22  2:05  Probe (Chrono Boost)  
  23  2:13  Probe (Chrono Boost)  
  24  2:18  Probe (Chrono Boost)  
  25  2:23  Probe (Chrono Boost)  
  25  2:28  Probe (Chrono Boost)  
  27  2:34  Probe (Chrono Boost)  
  28  2:37  Adept (Chrono Boost)  
  28  2:39  Probe (Chrono Boost), Adept (Chrono Boost)  
  33  2:44  Warp Gate  
  33  2:48  Mothership Core (Chrono Boost)  
  33  2:51  Probe (Chrono Boost)  
  36  3:01  Pylon  
  36  3:03  Probe (Chrono Boost)  
  37  3:08  Probe (Chrono Boost)  
  38  3:19  Sentry x2 (Chrono Boost), Probe x2 (Chrono Boost)  
  44  3:21  Pylon  
  44  3:30  Probe x2, Pylon  
  46  3:40  Gateway  
  46  3:42  Probe x2  
  48  3:54  Probe  
  49  3:56  Probe  
  49  4:02  Robotics Facility  
  50  4:05  Assimilator  
  50  4:06  Probe  
  50  4:08  Probe  
  50  4:10  Assimilator  
  50  4:13  Gateway  
  50  4:18  Probe (Chrono Boost)  
  50  4:19  Gateway  
  50  4:20  Probe (Chrono Boost)  
  50  4:23  Forge  
  52  4:27  Pylon  
  52  4:30  Probe (Chrono Boost)  
  53  4:32  Probe (Chrono Boost)  
  54  4:40  Probe (Chrono Boost)  
  54  4:42  Probe (Chrono Boost)  
  56  4:49  Protoss Ground Weapons Level 1  
  56  4:51  Probe (Chrono Boost)  
  57  4:53  Probe (Chrono Boost)  
  57  4:55  Nexus  
  57  4:56  Pylon  
  57  4:57  Pylon  
  58  5:03  Observer (Chrono Boost)  
  58  5:06  Probe  
  60  5:10  Sentry, Robotics Bay  
  60  5:13  Pylon  
  62  5:16  Adept x2  
  62  5:19  Probe  
  67  5:25  Stalker, Twilight Council  
  70  5:29  Observer (Chrono Boost)  
  70  5:32  Probe  
  70  5:34  Stalker x2  
  75  5:40  Probe  
  76  5:44  Probe, Pylon  
  77  5:52  Probe, Pylon  
  77  5:56  Probe  
  79  5:59  Disruptor (Chrono Boost)  
  79  6:03  Stalker x2  
  86  6:04  Probe  
  86  6:07  Blink (Chrono Boost)  
  86  6:08  Probe  
  88  6:12  Probe  
  88  6:17  Probe  
  90  6:20  Probe  
  90  6:24  Dark Shrine  
  91  6:29  Gateway  
  91  6:30  Gateway  
  89  6:33  Disruptor (Chrono Boost)  
  89  6:34  Assimilator  
  89  6:36  Assimilator  
  92  6:42  Stalker x3  
  98  6:52  Photon Cannon x2  
  98  6:59  Probe  
  99  7:02  Stalker x2  
  99  7:04  Disruptor (Chrono Boost)  
  106  7:16  Stalker x3  
  110  7:27  Stalker x4  
  118  7:32  Disruptor (Chrono Boost)  
  110  7:44  Dark Templar  
  110  7:46  Zealot x2  
  110  7:51  Pylon  
  116  7:52  Dark Templar  
  116  7:53  Pylon  
  116  7:55  Pylon  
  114  8:01  Probe  
  114  8:02  Dark Templar  
  117  8:06  Disruptor  
  118  8:14  Photon Cannon  
  118  8:17  Probe x2  
  118  8:18  Photon Cannon  
  120  8:22  Stalker x4  
  120  8:23  Probe  
  129  8:29  Probe  
  129  8:30  Probe  
  131  8:40  Stalker x3  
Tags
 
Add a new tag
Caveats
  • Supply blocks, unpowered buildings, or Contaminate may cause inaccurate times.
  • Supply counts are checked every 10 seconds.